Map: Orbital Shipyard

Players

LilDicky - Winner!

  • Race: Terran Terran
  • League: Diamond

Bonefist

  • Race: Zerg Zerg
  • League: Diamond

VOD

http://www.twitch.tv/tumescentpie

Description

Time

  • Played on: Nov. 23, 2015, 2:52 p.m.
  • Length: 20:21
Show
View Real Time Build Order
Export as new Build Order

LilDicky Terran - Winner!

Build Orders: Reaper Expand 

Get SALT Encoding   

  12  0:01  SCV  
  13  0:13  SCV  
  14  0:18  Supply Depot  
  14  0:25  Refinery  
  14  0:27  SCV  
  15  0:40  SCV  
  16  0:45  Barracks  
  16  0:52  SCV  
  17  1:04  SCV  
  18  1:17  SCV  
  19  1:33  Reaper  
  19  1:37  Orbital Command  
  20  1:48  Command Center  
  20  1:55  Supply Depot  
  20  2:03  SCV  
  20  2:05  Reaper  
  22  2:16  SCV  
  22  2:19  Refinery  
  23  2:23  Factory  
  23  2:28  SCV  
  24  2:50  SCV  
  25  2:53  Barracks Reactor  
  25  2:59  Supply Depot  
  25  3:02  SCV  
  26  3:17  Starport  
  26  3:18  SCV  
  26  3:19  Orbital Command  
  27  3:30  SCV  
  28  3:42  SCV  
  28  3:46  SCV  
  28  3:47  Barracks Reactor  
  30  3:49  Supply Depot  
  30  3:54  SCV  
  31  3:58  SCV  
  32  4:08  Hellion  
  32  4:09  Hellion  
  36  4:12  SCV  
  36  4:13  SCV  
  38  4:17  Barracks x2  
  38  4:19  Barracks  
  38  4:26  Engineering Bay  
  38  4:30  SCV x2, Engineering Bay  
  40  4:32  Hellion x2  
  40  4:37  Liberator  
  44  4:39  Liberator  
  44  4:42  SCV  
  45  4:46  SCV  
  45  4:51  Barracks Tech Lab  
  46  4:56  Hellion  
  46  4:57  Hellion  
  56  5:05  Barracks Tech Lab x2  
  56  5:06  Barracks Reactor  
  56  5:10  Terran Infantry Weapons Level 1, Terran Infantry Armor Level 1  
  56  5:19  Command Center, Hellion, Marine  
  59  5:26  Marine x2  
  59  5:27  SCV  
  62  5:33  Supply Depot  
  62  5:38  Supply Depot  
  62  5:55  SCV x2, Marine  
  65  6:00  Liberator x2  
  62  6:07  SCV  
  63  6:28  Marine x2  
  63  6:29  Marauder x2, Marine  
  63  6:30  Hellion x2  
  69  6:46  Marine  
  69  6:47  Marauder  
  69  6:53  Marine x2  
  71  6:54  Marauder  
  71  6:55  SCV  
  71  6:59  Barracks  
  71  7:00  SCV  
  73  7:03  Supply Depot  
  73  7:04  Barracks x2  
  73  7:05  Supply Depot  
  73  7:06  Supply Depot  
  73  7:07  SCV  
  76  7:08  Marauder  
  76  7:10  Supply Depot  
  76  7:12  SCV  
  76  7:13  Armory, Missile Turret  
  73  7:24  Marine  
  73  7:25  Marauder, Marine  
  73  7:26  Orbital Command, Marauder  
  73  7:28  SCV x2  
  73  7:29  Marine  
  78  7:33  Medivac  
  80  7:40  Widow Mine x2  
  80  7:42  Marine x2  
  86  7:46  Medivac, Marine x2  
  86  7:47  Marine  
  86  7:49  SCV  
  92  7:52  SCV  
  92  7:54  SCV  
  92  7:55  Refinery  
  92  7:57  Refinery  
  94  8:00  Marine x2  
  94  8:01  SCV  
  94  8:04  Marine x2  
  99  8:05  Supply Depot  
  99  8:10  Marine  
  99  8:11  Refinery  
  99  8:12  Refinery  
  100  8:17  Terran Infantry Weapons Level 2  
  100  8:18  Marine x2  
  102  8:21  Widow Mine x2  
  102  8:22  Marine x2  
  108  8:48  Marine x2  
  81  8:58  Marine x3  
  81  8:59  Widow Mine x2  
  81  9:00  Medivac  
  81  9:01  Medivac  
  92  9:06  Marine  
  92  9:07  Marine  
  94  9:10  Combat Shields, Stimpack  
  94  9:13  Barracks Reactor x2  
  94  9:14  Barracks Reactor  
  94  9:16  Marauder, Marine  
  97  9:20  Command Center  
  97  9:22  Missile Turret  
  97  9:24  Missile Turret  
  97  9:25  Missile Turret  
  97  9:30  Marine x2  
  97  9:31  Terran Infantry Armor Level 2, Marauder  
  101  9:35  Missile Turret  
  101  9:36  Missile Turret, Marine  
  101  9:37  Marine  
  103  9:39  Missile Turret  
  85  9:48  Marine x2  
  85  9:52  Marauder  
  89  9:54  Marauder  
  89  9:55  Marine x3  
  89  9:56  Marine x3  
  97  10:04  Marine  
  97  10:06  Marine x2  
  100  10:10  Missile Turret  
  100  10:11  Liberator  
  100  10:13  Marauder  
  100  10:14  Marauder  
  104  10:15  SCV x2, Marauder  
  104  10:17  Marine x2  
  104  10:19  Marine  
  111  10:25  Marine x2  
  116  10:32  Marine x2  
  116  10:35  Marauder x2  
  122  10:37  Marauder  
  123  10:46  Marine x2  
  123  10:48  Medivac  
  127  10:50  Widow Mine x2  
  127  10:51  Marine x2  
  127  10:54  Marine x2  
  127  10:55  Marine x2  
  127  10:56  Marauder x2  
  141  10:58  SCV, Marauder  
  144  11:04  Marine x2  
  146  11:18  Marauder  
  131  11:20  Marine x3  
  131  11:21  Marauder x2  
  138  11:29  Marine x2  
  128  11:38  Marine x2  
  128  11:39  Marauder, Marine  
  125  11:42  Marauder x2  
  125  11:47  Marine x3  
  124  11:55  SCV x2  
  124  12:00  Marine, Marauder  
  124  12:01  Marine  
  129  12:04  Marauder x2  
  127  12:11  Missile Turret  
  126  12:22  Marauder  
  128  12:24  Medivac x2  
  128  12:25  Marauder x2, Marine x2  
  138  12:36  Marine x2  
  138  12:37  Marine  
  115  12:43  Marauder, Marine x4  
  110  12:45  Marine  
  110  12:46  Marauder x2  
  110  12:54  Marine x3  
  110  13:00  Terran Infantry Weapons Level 3, Marine  
  110  13:03  Planetary Fortress  
  110  13:05  Marauder  
  113  13:08  Marauder  
  113  13:09  Marine  
  113  13:10  Marauder, Marine  
  113  13:11  Marine  
  105  13:13  Medivac  
  105  13:15  Widow Mine  
  109  13:23  SCV  
  109  13:24  Marine  
  109  13:25  Marine  
  112  13:28  Marine  
  112  13:29  Marauder, Marine  
  112  13:32  Marine  
  112  13:33  Marine x2  
  119  13:38  Marine x2  
  121  13:46  Missile Turret  
  121  13:48  Marine x2  
  121  13:49  Marauder  
  121  13:51  Marauder  
  127  13:56  Refinery  
  127  13:57  Marine  
  127  13:58  Refinery, Marauder  
  127  14:01  Marine  
  127  14:02  Missile Turret  
  131  14:07  Marine  
  131  14:08  Marine  
  133  14:10  Marauder  
  133  14:12  Marauder, Marine  
  133  14:13  SCV  
  133  14:14  Marine x2  
  141  14:19  Marauder, Marine  
  141  14:21  Command Center, Medivac  
  146  14:24  Marine x2  
  148  14:33  Marauder  
  118  14:40  Marine x2  
  118  14:41  Marauder, Marine x2  
  118  14:42  Marauder  
  118  14:45  Liberator  
  112  14:47  Marine x3  
  112  14:49  Marine  
  112  14:50  SCV, Liberator  
  117  14:54  Marauder  
  117  14:58  Marine x2  
  117  14:59  Marine  
  120  15:03  Marauder  
  125  15:11  Marine x2  
  130  15:22  SCV x2  
  130  15:23  SCV x2, Marine x2  
  130  15:24  Marauder  
  130  15:25  Marauder  
  140  15:37  Marine x2  
  140  15:38  Liberator x2  
  142  15:42  Missile Turret  
  142  15:43  Missile Turret x3  
  142  15:44  Missile Turret  
  142  15:45  Missile Turret  
  142  15:47  Marine x3  
  142  15:48  Missile Turret  
  142  15:49  Refinery  
  151  15:57  Marine x2  
  151  15:59  Marine  
  151  16:00  Marine  
  151  16:01  Marine x2  
  157  16:09  Marine  
  157  16:10  Marine x2  
  160  16:12  Missile Turret  
  160  16:15  Missile Turret, Marine x3  
  163  16:20  Supply Depot  
  163  16:27  Supply Depot  
  163  16:29  Supply Depot  
  163  16:31  Supply Depot x2  
  163  16:42  SCV x2  
  133  17:02  Marine x3  
  133  17:03  Marauder  
  111  17:09  Marine x7  
  118  17:20  Marine x2  
  120  17:25  Marauder  
  120  17:27  Marine x2  
  120  17:28  Marauder x2  
  126  17:46  Marauder, Marine  
  126  17:47  Marine x2  
  126  17:49  Marauder  
  120  17:57  Marine x2  
  120  17:58  Marine x4  
  124  18:04  Marine x3  
  129  18:07  Marine  
  129  18:10  Marine  
  131  18:15  Marine x2  
  131  18:16  Marauder, Marine x3  
  138  18:25  Marauder  
  140  18:28  Marauder  
  140  18:34  Marine  
  140  18:35  Marine x2  
  140  18:38  Marauder  
  145  18:47  Marauder  
  147  18:50  Marauder  
  147  18:53  Liberator x2  
  145  18:59  Marauder  
  123  19:05  Marine  
  123  19:06  Marine x5  
  123  19:07  Marine x2  
  123  19:08  SCV x2, Marauder  
  126  19:10  Widow Mine x2  
  126  19:11  Marauder  
  130  19:21  Marauder  
  130  19:23  Marine  
  130  19:24  Marine  
  134  19:26  Marine x2  
  134  19:27  Marine x2  
  134  19:29  SCV, Marauder  
  133  19:33  Marauder  
  133  19:36  Barracks x3  
  135  19:39  Planetary Fortress, Widow Mine  
  135  19:42  Marauder  
  139  19:47  Supply Depot  
  139  19:48  Supply Depot  
  139  19:49  Marine x2  
  139  19:50  Marine  
  139  19:51  Supply Depot, Marauder  
  144  19:54  Command Center, Marauder  
  144  19:57  Marine x3  
Show
View Real Time Build Order
Export as new Build Order

Bonefist Zerg 

Build Orders: Hatch First, Muta Ling Bane 

Get SALT Encoding   

  12  0:01  Drone  
  13  0:12  Overlord  
  13  0:17  Drone  
  14  0:30  Drone x2  
  14  0:34  Drone  
  17  0:56  Hatchery, Drone  
  17  1:00  Drone  
  18  1:14  Spawning Pool  
  17  1:20  Overlord  
  17  1:35  Drone  
  18  1:56  Drone  
  19  2:01  Queen, Zergling x2  
  19  2:04  Drone  
  23  2:09  Queen  
  23  2:14  Drone x2  
  27  2:25  Overlord  
  27  2:28  Extractor  
  26  2:30  Extractor  
  25  2:37  Queen  
  27  2:48  Drone x3  
  30  2:54  Queen  
  32  2:59  Drone  
  32  3:00  Drone x3  
  36  3:13  Queen  
  36  3:17  Drone  
  39  3:37  Metabolic Boost, Drone x3  
  42  3:50  Hatchery  
  41  4:09  Drone x3, Overlord x2  
  44  4:14  Lair, Extractor  
  43  4:25  Overlord x2  
  43  4:26  Overlord  
  43  4:29  Drone x2  
  43  4:30  Drone x4, Zergling x4  
  43  4:31  Extractor, Zergling x4  
  52  5:01  Drone  
  52  5:02  Drone x4, Baneling Nest  
  52  5:04  Evolution Chamber  
  55  5:08  Evolution Chamber  
  54  5:24  Drone x3  
  57  5:35  Zerg Ground Armor Level 1, Zerg Melee Weapons Level 1  
  57  5:37  Drone x5  
  57  5:42  Extractor  
  57  5:46  Zergling x4  
  57  5:47  Baneling  
  58  5:53  Overlord x3, Zergling x8  
  52  6:27  Zergling x2  
  52  6:28  Zergling x18  
  52  6:29  Zergling x8  
  52  6:30  Queen x3  
  69  6:53  Drone x5  
  69  6:54  Drone  
  75  6:55  Spire  
  75  6:59  Spore Crawler  
  73  7:16  Overlord x2, Zergling x10  
  73  7:17  Zergling x2  
  74  7:31  Drone x5, Extractor  
  78  7:38  Baneling  
  78  7:39  Baneling x5  
  78  7:40  Spore Crawler, Centrifical Hooks, Zerg Melee Weapons Level 2  
  77  7:51  Pneumatized Carapace  
  77  7:52  Overseer  
  77  7:53  Hatchery  
  77  7:56  Baneling  
  76  7:58  Drone  
  76  7:59  Drone x4  
  81  8:07  Mutalisk x4  
  81  8:08  Mutalisk x2  
  93  8:14  Infestation Pit  
  92  8:35  Mutalisk x2  
  92  8:36  Mutalisk  
  85  9:02  Mutalisk x3  
  85  9:03  Zergling x2  
  85  9:04  Zergling x34  
  85  9:08  Baneling x5  
  109  9:13  Zergling x4  
  111  9:28  Mutalisk x2  
  101  9:45  Mutalisk  
  101  9:46  Mutalisk  
  105  9:54  Hive  
  105  10:03  Baneling  
  105  10:04  Baneling x5  
  101  10:07  Zergling x2  
  101  10:08  Zergling x34  
  119  10:31  Baneling x5  
  119  10:32  Spore Crawler, Spine Crawler, Overseer x2, Baneling x2  
  103  11:14  Hatchery  
  77  11:36  Mutalisk  
  77  11:37  Mutalisk x7  
  77  11:38  Zergling x12  
  77  11:39  Zergling x40  
  115  11:51  Queen  
  115  11:53  Drone x3, Zergling x2  
  121  11:57  Ultralisk Cavern  
  107  12:15  Baneling x5  
  99  12:16  Baneling x2  
  99  12:17  Zergling x2  
  99  12:18  Zergling x28  
  114  12:28  Zergling x2  
  114  12:29  Zergling x4  
  94  12:48  Ultralisk x2  
  94  12:49  Zergling x2  
  94  12:50  Zergling x20  
  102  13:05  Zergling x2  
  102  13:06  Zergling x16  
  102  13:08  Hatchery  
  107  13:15  Baneling x5  
  107  13:16  Overseer  
  107  13:17  Extractor  
  107  13:19  Zergling x2  
  111  13:20  Zergling x12  
  113  13:40  Baneling x3  
  113  13:41  Baneling x3  
  113  13:42  Ultralisk  
  119  13:59  Overlord x7  
  119  14:00  Overlord, Zergling x2  
  120  14:20  Zerg Flyer Weapons Level 1  
  120  14:21  Ultralisk x2  
  120  14:22  Zergling x2  
  120  14:23  Drone  
  120  14:24  Drone x13  
  120  14:39  Zergling x6  
  120  14:40  Zergling x26  
  122  14:56  Extractor x2  
  122  14:57  Ultralisk  
  122  14:58  Ultralisk  
  129  15:03  Spine Crawler  
  129  15:04  Spine Crawler  
  129  15:05  Spore Crawler  
  126  15:07  Baneling Nest  
  126  15:10  Spine Crawler  
  125  15:21  Chitinous Plating  
  125  15:23  Zerg Ground Armor Level 2  
  125  15:25  Zergling x2  
  126  15:32  Baneling x5  
  126  15:33  Baneling  
  126  15:38  Spine Crawler  
  126  15:42  Drone x5  
  131  15:47  Baneling x3  
  131  15:54  Drone  
  132  15:57  Queen  
  134  16:12  Mutalisk x2  
  138  16:30  Mutalisk  
  140  16:41  Hatchery  
  111  17:06  Queen  
  111  17:07  Corruptor x2  
  111  17:08  Corruptor x2  
  117  17:13  Zergling x8  
  117  17:14  Zergling x2  
  120  17:21  Corruptor  
  115  17:46  Queen x2  
  107  18:16  Zergling x2  
  107  18:17  Zergling x44  
  107  18:18  Zergling x20  
  102  19:04  Zergling x2  
  102  19:05  Zergling x2  
  102  19:09  Hatchery, Drone x2  
  97  19:10  Drone  
  97  19:12  Zergling x2  
  97  19:13  Zergling x6  
  88  19:49  Extractor  
  88  19:50  Extractor  
Tags
 
Add a new tag
Caveats
  • Supply blocks, unpowered buildings, or Contaminate may cause inaccurate times.
  • Supply counts are checked every 10 seconds.